 Dungeon Crawl Stone Soup version 0.25.0-11-g1f837a76a1 (webtiles) character file.

Game seed: 6963665926854194121

14663 Esekla the Cleaver (level 11, -4/97 HPs)
             Began as a Deep Dwarf Chaos Knight on June 25, 2020.
             Was an Elder of Makhleb.
             Slain by Rupert
             ... wielding a +0 vorpal great sword
              (7 damage)
             ... on level 12 of the Dungeon on June 26, 2020.
             The game lasted 01:21:49 (9337 turns).

Esekla the Cleaver (Deep Dwarf Chaos Knight)        Turns: 9337, Time: 01:21:50

Health: -4/97      AC: 10    Str: 25    XL:     11   Next: 91%
Magic:  12/14      EV: 17    Int: 13    God:    Makhleb [****..]
Gold:   576        SH:  4    Dex: 16    Spells: 20/20 levels left

rFire    . . .     SeeInvis .   x - +4 trident of the Foot {venom, Str+6}
rCold    . . .     Gourm    .   B - +0 buckler
rNeg     . . .     Faith    +   R - +1 leather armour "Diyrchad" {+Blink Stlth+}
rPois    +         Spirit   .   (helmet unavailable)
rElec    .         Reflect  .   l - +0 cloak
rCorr    .         Harm     .   i - +0 pair of gloves
MR       +++..                  (no boots)
Stlth    ++++......             w - amulet of faith
HPRegen  0.00/turn              F - ring of protection from magic
MPRegen  0.14/turn              y - ring of poison resistance

@: non-regenerating
A: damage resistance, heal wounds, horns 3, molten scales 2, agile 2, magic
resistance 1, sense surroundings 2, evolution 2, no regeneration
a: Heal Wounds, Minor Destruction, Lesser Servant of Makhleb, Major Destruction,
Renounce Religion, Evoke Blink


You were on level 12 of the Dungeon.
You worshipped Makhleb.
Makhleb was greatly pleased with you.
You were not hungry.

You visited 2 branches of the dungeon, and saw 13 of its levels.
You visited the Abyss 1 time.

You collected 912 gold pieces.
You spent 336 gold pieces at shops.

Inventory:

Hand Weapons
 a - a +1 battleaxe
 g - a +2 scimitar of holy wrath
 x - the +4 trident of the Foot (weapon) {venom, Str+6}
   (You found it on level 7 of the Dungeon)

   It poisons the flesh of those it strikes.
   It affects your strength (+6).
 O - a +3 dagger
Missiles
 e - 5 silver boomerangs
 h - 48 poisoned darts
 J - 3 curare-tipped darts (quivered)
 P - 18 boomerangs
Armour
 b - the +0 leather armour of the Stag {*Slow rF+++ rN++ Str-2}
   (You found it on level 9 of the Dungeon)

   It affects your strength (-2).
   It renders you almost immune to fire.
   It greatly protects you from negative energy.
   It may slow you when you take damage.
 i - a +0 pair of gloves (worn)
 l - a +0 cloak (worn)
 r - the cursed +0 helmet of Bedevilment {Int+2}
   (You found it on level 4 of the Dungeon)

   It affects your intelligence (+2).
   It has a curse placed upon it.
 B - a +0 buckler (worn)
 G - a +1 robe of resistance
 R - the +1 leather armour "Diyrchad" (worn) {+Blink Stlth+}
   (You bought it in a shop on level 8 of the Dungeon)

   It lets you blink.
   It makes you more stealthy.
Jewellery
 w - an amulet of faith (around neck)
 y - a ring of poison resistance (right hand)
 F - a ring of protection from magic (left hand)
Wands
 o - a wand of random effects (31)
 s - a wand of iceblast (1)
 A - a wand of disintegration (9)
 K - a wand of flame (19)
 L - a wand of acid (9)
Scrolls
 d - 3 scrolls of amnesia
 k - a scroll of enchant weapon
 t - 6 scrolls of teleportation
 C - 2 scrolls of magic mapping {unknown}
 D - a scroll of summoning {unknown}
 E - 3 scrolls of fog {unknown}
 I - a scroll of identify
 M - 2 scrolls of fear {unknown}
 S - a scroll of blinking {unknown}
Potions
 f - a potion of berserk rage {unknown}
 j - a potion of curing
 m - a potion of mutation {unknown}
 n - 3 potions of heal wounds
 p - 3 potions of haste
 q - 5 potions of might
 u - a potion of flight
 v - a potion of stabbing {unknown}
 z - 3 potions of magic
 H - a potion of brilliance {unknown}
 N - a potion of cancellation {unknown}
 T - a potion of invisibility {unknown}
Comestibles
 c - 20 rations
 Q - 5 chunks of flesh


   Skills:
 + Level 6.0 Fighting
 * Level 10.6(11.8) Axes
 + Level 7.5(9.4) Polearms
 + Level 2.0 Throwing
 * Level 8.7 Armour
 * Level 7.6 Dodging
 + Level 5.1 Stealth
 + Level 1.8 Shields
 * Level 5.4 Spellcasting
 * Level 4.8 Evocations


You had 20 spell levels left.
You didn't know any spells.
Your spell library contained the following spells:

 Spells                   Type           Power        Failure   Level  Hunger
 Summon Butterflies       Summ           #.......     26%         1    None
 Call Canine Familiar     Summ           #.......     61%         3    ###....
 Summon Ice Beast         Ice/Summ       #.......     95%         4    ####...
 Summon Mana Viper        Hex/Summ       #.......     100%        5    ######.
 Summon Hydra             Summ           #.........   100%        7    #######


Dungeon Overview and Level Annotations

Branches:
Dungeon (12/15)            Temple (1/1) D:6            Lair (0/6) D:8
    Orc: D:9-12

Altars:
Ashenzari
Cheibriados
Dithmenos
Elyvilon
Fedhas
Gozag
Hepliaklqana
Kikubaaqudgha
Makhleb
Nemelex Xobeh
Okawaru
Qazlal
Ru
Sif Muna
Trog
Uskayaw
Vehumet
Wu Jian
Xom
Yredelemnul
Zin
The Shining One
Beogh

Shops:
D:5 *   D:7 (   D:8 [*

Annotations:
D:12 Rupert


Innate Abilities, Weirdness & Mutations

You are resistant to damage.
You can heal yourself by infusing magical energy.
You passively map the area around you.
You do not regenerate.
You have a pair of large horns on your head.
You are mostly covered in molten scales. (AC +3)
You are very agile. (Dex +4)
You are resistant to hostile enchantments. (MR+)
You rapidly evolve.


Message History

Rupert rages.
Throwing (i - inventory. (/) - cycle)
h - 48 poisoned darts (quivered)
Press: ? - help, Shift-Dir - straight line, f/p - Rupert
Aim: Rupert, wielding a +0 vorpal great sword and wearing a +0 leather armour (lightly wounded, berserk, very poisoned)
Okay, then.
Quiver which item? (- for none, * to show all) (? for menu, Esc to quit)
Quivering
J - 5 curare-tipped darts for throwing.
Throwing (i - inventory. (/) - cycle)
J - 5 curare-tipped darts (quivered)
Press: ? - help, Shift-Dir - straight line, f/p - Rupert
Aim: Rupert, wielding a +0 vorpal great sword and wearing a +0 leather armour (lightly wounded, berserk, very poisoned)
You throw a curare-tipped dart.
The curare-tipped dart barely misses Rupert.
Throwing (i - inventory. (/) - cycle)
J - 4 curare-tipped darts (quivered)
Press: ? - help, Shift-Dir - straight line, f/p - Rupert
Aim: Rupert, wielding a +0 vorpal great sword and wearing a +0 leather armour (lightly wounded, berserk, poisoned)
You throw a curare-tipped dart.
The curare-tipped dart barely misses Rupert.
Rupert hits you with a +0 vorpal great sword!!!
* * * LOW HITPOINT WARNING * * *
You die...

* #.#####..............####. *
##.(..#..<............# ###
*##....................####..
#.......................#...
#..##.......................#
,....###....................##.
#......................#.......
,..............@.........#....##.
..#.###.........@........#....#.#
....,....^.....$..............#..
..8≈≈;≈≈≈≈≈≈≈≈≈≈≈≈≈≈≈≈≈≈≈≈≈≈≈...#
≈≈≈≈≈≈≈≈≈≈≈≈≈≈≈≈≈≈≈≈≈≈≈≈≈...#
≈≈,o#####################≈≈..## ,
* , , , ,, ,#≈≈..## ≈ * , , , ,
#≈≈...# * , ,, ,, , ,, , ,
#≈≈.... * , ,, , , *#≈≈.#..


You could see Rupert (berserk, poisoned).

Vanquished Creatures
  3 two-headed ogres
  Pikel (D:6)
  An orc knight (D:11)
  2 ugly things
  A cyclops (D:12)
  Maggie (D:6)
  5 gargoyles
  2 hornets (D:9)
  3 hippogriffs
  A spriggan (D:9)
  A water elemental (D:12)
  A wraith (D:11)
  A yak (D:9)
  A hungry ghost (D:11)
  A vampire mosquito (D:9)
  A soldier ant (D:12)
  A water moccasin (D:11)
  An ice beast (D:11)
  4 sky beasts
  A black bear (D:10)
  13 orc warriors
  7 ogres
  A necrophage (D:8)
  A phantom (D:4)
  7 centaurs
  A crocodile (D:12)
  Blork the orc (D:4)
  3 big kobolds
  5 bullfrogs
  3 water moccasin skeletons
  A wyvern skeleton (D:7)
  5 scorpions
  8 killer bees
  13 wights
  A bullfrog zombie (D:5)
  A centaur zombie (D:5)
  A crimson imp (D:6)
  A quasit (D:6)
  7 hounds
  4 jellies
  6 orc priests
  2 bullfrog skeletons
  7 orc wizards
  A centaur skeleton (D:11)
  Ijyb (D:4)
  Natasha (thrice) (D:2)
  Terence (D:2)
  5 iguanas
  6 worker ants
  A worker ant zombie (D:5)
  3 gnolls (D:7)
  16 adders
  4 shadow imps
  An adder zombie (D:9)
  An adder skeleton (D:6)
  3 worms
  8 leopard geckos
  63 orcs
  2 ball pythons (D:7)
  8 giant cockroaches
  7 goblins
  8 hobgoblins
  6 jackals
  19 kobolds
  5 quokkas
  6 bats
  5 frilled lizards
  3 hobgoblin zombies (D:6)
  2 kobold skeletons (D:6)
  A kobold zombie (D:6)
  2 orc skeletons (D:6)
  2 orc zombies (D:6)
  A quokka zombie (D:5)
  2 rats (D:3)
328 creatures vanquished.

Vanquished Creatures (collateral kills)
  A water moccasin (D:9)
  A bullfrog (D:7)
  A gnoll sergeant (D:7)
  A crimson imp (D:9)
  2 iguanas (D:9)
  A shadow imp (D:9)
7 creatures vanquished.

Vanquished Creatures (others)
  An ooze (D:3)
  2 orcs (D:6)
3 creatures vanquished.

Grand Total: 338 creatures vanquished

Notes
Turn   | Place    | Note
-------+----------+-------------------------------------------
     0 | D:1      | Esekla the Deep Dwarf Chaos Knight began the quest for the
                  | Orb.
     0 | D:1      | Reached XP level 1. HP: 20/20 MP: 1/1
    56 | D:1      | XOM: silly message
    61 | D:1      | You fall into a shaft and drop 1 floor!
    75 | D:3      | Found a blossoming altar of Fedhas.
   114 | D:3      | Found an opulent altar of Gozag.
   162 | D:3      | Reached XP level 2. HP: 27/27 MP: 2/2
   204 | D:3      | Found an iron altar of Okawaru.
   214 | D:3      | XOM: divination: magic mapping
   240 | D:3      | Found a hide-covered altar of Uskayaw.
   245 | D:3      | Reached XP level 3. HP: 21/34 MP: 3/3
   300 | D:3      | Reached skill level 4 in Axes
   437 | D:3      | XOM: divination: detect creatures
   446 | D:4      | Xom revived you
   446 | D:4      | HP: 1/34 [iguana (1)]
   452 | D:4      | Reached XP level 4. HP: 24/42 MP: 2/4
   523 | D:4      | XOM: silly message
   538 | D:4      | XOM: potion effect (brilliance)
   541 | D:4      | XOM: silly message
   546 | D:4      | Reached skill level 1 in Spellcasting
   546 | D:4      | Reached XP level 5. HP: 32/49 MP: 5/5
   552 | D:4      | Reached skill level 1 in Stealth
   785 | D:4      | Noticed a phantom
   788 | D:4      | XOM: potion effect (might)
   789 | D:4      | XOM: potion effect (might)
   795 | D:4      | Killed a phantom
   795 | D:4      | Reached skill level 5 in Axes
   795 | D:4      | Reached XP level 6. HP: 26/56 MP: 5/7
   837 | D:4      | Noticed Ijyb
   863 | D:4      | Killed Ijyb
   950 | D:4      | Found a sparkling altar of Nemelex Xobeh.
  1177 | D:4      | Got a smoking helmet
  1184 | D:4      | Identified the cursed +0 helmet of Bedevilment {Int+2} (You
                  | found it on level 4 of the Dungeon)
  1206 | D:4      | XOM: silly message
  1225 | D:4      | Noticed Blork the orc
  1225 | D:4      | XOM: silly message
  1232 | D:4      | XOM: divination: detect creatures
  1244 | D:4      | Killed Blork the orc
  1263 | D:5      | Entered Level 5 of the Dungeon
  1275 | D:5      | Found Fygomeck's Lightly-Used Armoury.
  1282 | D:5      | XOM: divination: magic mapping
  1384 | D:6      | XOM: potion effect (haste)
  1402 | D:6      | Reached skill level 6 in Axes
  1412 | D:6      | XOM: divination: detect items
  1430 | D:5      | Reached XP level 7. HP: 22/62 MP: 8/8
  1502 | D:5      | XOM: silly message
  1526 | D:6      | Noticed Maggie
  1535 | D:6      | XOM: confusion
  1548 | D:6      | XOM: cast spell 'Shadow Creatures'
  1634 | D:5      | XOM: enchant monster (bad)
  1641 | D:5      | XOM: 4-stop teleportation journey
  1696 | D:5      | Reached skill level 7 in Axes
  1773 | D:5      | XOM: give mutation
  1773 | D:5      | Gained mutation: You are frail. (-10% HP) [Xom's mischief]
  1784 | D:5      | XOM: stat loss: -1 Int (14/15)
  1915 | D:6      | XOM: noise
  1939 | D:7      | XOM: summons 2 friendly demons
  1979 | D:7      | XOM: fog
  2039 | D:7      | Got a fine trident
  2040 | D:7      | Identified the +4 trident of the Foot {venom, Str+6} (You
                  | found it on level 7 of the Dungeon)
  2050 | D:7      | Found a basalt altar of Yredelemnul.
  2062 | D:7      | Reached XP level 8. HP: 41/64 MP: 9/9
  2152 | D:7      | XOM: confuse monster(s)
  2226 | D:7      | Reached skill level 8 in Axes
  2260 | D:7      | XOM: cloud trail
  2272 | D:7      | XOM: summons 2 hostile shadow creatures
  2280 | D:6      | Found a staircase to the Ecumenical Temple.
  2300 | D:6      | XOM: summons friendly crimson imp
  2302 | Temple   | Entered the Ecumenical Temple
  2410 | D:6      | XOM: enchant monster (bad)
  2494 | D:6      | XOM: silly message
  2501 | D:6      | Reached skill level 1 in Polearms
  2574 | D:6      | Found an ornate altar of the Wu Jian Council.
  2586 | D:6      | XOM: divination: detect creatures
  2600 | D:6      | Noticed Pikel
  2609 | D:6      | XOM: potion effect (brilliance)
  2625 | D:6      | XOM: potion effect (berserk rage)
  2629 | D:6      | XOM: potion effect (brilliance)
  2630 | D:6      | XOM: summons 7 friendly demons
  2632 | D:6      | Killed Pikel
  2632 | D:6      | Reached skill level 5 in Dodging
  2632 | D:6      | Gained mutation: You passively map the area around you.
                  | [Deep Dwarf growth]
  2632 | D:6      | Reached XP level 9. HP: 61/71 MP: 11/11
  2768 | D:7      | Found Xiucwi's Weapon Boutique.
  2775 | D:7      | Reached skill level 5 in Armour
  2957 | D:6      | XOM: give mutations
  2957 | D:6      | Gained mutation: You evolve. [Xom's grace]
  2957 | D:6      | Gained mutation: You have a pair of small horns on your
                  | head. [Xom's grace]
  2957 | D:6      | Gained mutation: You are agile. (Dex +2) [Xom's grace]
  2957 | D:6      | Gained mutation: You rapidly evolve. [Xom's grace]
  3152 | D:6      | HP: 2/71 [Maggie/bolt of fire (29)]
  3163 | D:6      | XOM: enchant monster (good)
  3168 | D:6      | Cast into level 1 of the Abyss (Maggie)
  3168 | Abyss:1  | Found a corrupted altar of Lugonu.
  3206 | D:6      | Escaped the Abyss
  3221 | D:6      | Found a glowing golden altar of the Shining One.
  3235 | D:6      | Killed Maggie
  3407 | D:3      | Found a shattered altar of Ashenzari.
  3555 | D:3      | Found a shadowy altar of Dithmenos.
  3561 | D:3      | XOM: cloud trail
  3778 | D:2      | Found a glowing silver altar of Zin.
  3869 | D:2      | XOM: noise
  3878 | D:2      | Noticed Natasha
  3890 | D:2      | XOM: divination: detect creatures
  3893 | D:2      | Killed Natasha
  3955 | D:2      | Noticed Natasha
  3961 | D:2      | Killed Natasha
  4164 | D:2      | Noticed Terence
  4170 | D:2      | Killed Terence
  4230 | D:2      | Noticed Natasha
  4236 | D:2      | Killed Natasha
  4538 | D:1      | Found a snail-covered altar of Cheibriados.
  4702 | D:1      | XOM: noise
  4779 | D:1      | XOM: give mutations
  4779 | D:1      | Gained mutation: Scrolls take you a little longer to read.
                  | [Xom's mischief]
  4779 | D:1      | Gained mutation: You are partially covered in molten
                  | scales. (AC +2) [Xom's mischief]
  4779 | D:1      | Lost mutation: Scrolls take you a little longer to read.
                  | [Xom's mischief]
  5395 | D:8      | Found a staircase to the Lair.
  5410 | D:8      | Reached skill level 9 in Axes
  5482 | D:8      | XOM: give mutation
  5482 | D:8      | Gained mutation: You have a pair of horns on your head.
                  | [Xom's grace]
  5574 | D:8      | XOM: swap monsters
  5600 | D:8      | Noticed a gargoyle
  5615 | D:8      | Killed a gargoyle
  5615 | D:8      | Reached skill level 1 in Shields
  5631 | D:8      | Noticed a gargoyle
  5636 | D:8      | XOM: summons friendly crimson imp
  5639 | D:8      | XOM: 1-stop teleportation journey
  5648 | D:8      | Found Beipseur's Changing Room.
  5691 | D:8      | Gained mutation: You have a pair of large horns on your
                  | head. [evolution]
  5704 | D:8      | Found Huroemp's Antique Armour Emporium.
  5707 | D:8      | Bought a brightly glowing ring mail for 189 gold pieces
  5707 | D:8      | Bought an ichor-stained leather armour for 147 gold pieces
  5719 | D:8      | Identified the +3 ring mail of Mifryu {Harm Dex+2} (You
                  | bought it in a shop on level 8 of the Dungeon)
  5729 | D:8      | Identified the cursed +1 leather armour "Diyrchad" {+Blink
                  | Stlth+} (You bought it in a shop on level 8 of the Dungeon)
  5816 | D:8      | XOM: give mutations
  5816 | D:8      | Gained mutation: You are resistant to hostile enchantments.
                  | (MR+) [Xom's grace]
  5816 | D:8      | Gained mutation: You are very agile. (Dex +4) [Xom's grace]
  5816 | D:8      | Gained mutation: You are mostly covered in molten scales.
                  | (AC +3) [Xom's grace]
  5836 | D:8      | Killed a gargoyle
  5837 | D:8      | Noticed a gargoyle
  5846 | D:8      | Killed a gargoyle
  5846 | D:8      | Reached XP level 10. HP: 63/78 MP: 11/11
  5855 | D:8      | Noticed a gargoyle
  5856 | D:8      | XOM: divination: magic mapping
  5857 | D:8      | XOM: enchant monster (good)
  5859 | D:8      | Killed a gargoyle
  5859 | D:8      | Reached skill level 5 in Polearms
  6003 | D:9      | XOM: fake destruction
  6005 | D:9      | XOM: cast spell 'Call Canine Familiar'
  6087 | D:9      | Found a radiant altar of Vehumet.
  6087 | D:9      | Found a burning altar of Makhleb.
  6096 | D:9      | Fell from the grace of Xom
  6096 | D:9      | Became a worshipper of Makhleb the Destroyer
  6284 | D:9      | Reached * piety under Makhleb
  6284 | D:9      | Reached skill level 5 in Fighting
  6476 | D:9      | Got a scorched leather armour
  6491 | D:9      | Identified the cursed +0 leather armour of the Stag {*Slow
                  | rF+++ rN++ Str-2} (You found it on level 9 of the Dungeon)
  6564 | D:9      | Noticed a two-headed ogre
  6587 | D:9      | Reached skill level 1 in Evocations
  6820 | D:10     | Entered Level 10 of the Dungeon
  6829 | D:10     | Reached skill level 1 in Throwing
  6895 | D:10     | Reached ** piety under Makhleb
  7094 | D:10     | Reached *** piety under Makhleb
  7158 | D:10     | Reached XP level 11. HP: 86/86 MP: 13/13
  7160 | D:10     | Lost mutation: You are frail. (-10% HP) [evolution]
  7201 | D:10     | Reached skill level 10 in Axes
  7613 | D:10     | Noticed a two-headed ogre
  7620 | D:10     | Killed a two-headed ogre
  7776 | D:11     | Noticed a purple ugly thing
  7900 | D:11     | Reached **** piety under Makhleb
  7909 | D:11     | XOM: silly message
  7927 | D:11     | Noticed a two-headed ogre
  7947 | D:11     | Killed a two-headed ogre
  8053 | D:11     | Reached skill level 5 in Spellcasting
  8072 | D:11     | Killed a purple ugly thing
  8241 | D:11     | XOM: god gift: glowing robe {god gift}
  8301 | D:11     | Found a stormy altar of Qazlal.
  8425 | D:11     | Found a roughly hewn altar of Beogh.
  8425 | D:11     | Noticed an orc knight
  8457 | D:11     | Killed an orc knight
  8751 | D:9      | Killed a two-headed ogre
  8751 | D:9      | Reached skill level 5 in Stealth
  8974 | D:12     | XOM: 4-stop teleportation journey
  8975 | D:12     | Noticed a cyan ugly thing
  8991 | D:12     | Killed a cyan ugly thing
  9022 | D:12     | Noticed a two-headed ogre
  9321 | D:12     | Noticed Rupert
  9337 | D:12     | HP: 3/97 [Rupert/+0 vorpal great sword (34)]
  9337 | D:12     | Slain by Rupert

Illustrated notes

Levels and vault maps discovered:
D:1:      dpeg_arrival_arbitrary_a, layout_basic, cheibriados_altar_1
D:2:      layout_rooms, zin_treasury, first_ration, uniq_natasha, uniq_terence
D:3:      layout_rooms, lemuel_round_altar, eat_drink_and_be_merry_uskayaw,
          overflow_temple_1_default, kennysheep_okawaru_gauntlet,
          overflow_temple_1_default, cheibrodos_ashenzari_chains
D:4:      layout_loops_ring, old_standard_altar, chequers_serial_rivers_large_b,
          grunt_decor_resistance, minivault_25, minmay_quantized, uniq_ijyb,
          uniq_blork_the_orc
D:5:      layout_cave_pools, minmay_shop_damaged
D:6:      layout_rooms, nicolae_tso_besieged_by_evil, kennysheep_mini,
          minmay_temple_entry_waves, uniq_pikel, uniq_maggie
D:7:      layout_basic, kennysheep_little_box, serial_shops, shop,
          hangedman_decor_growths
D:8:      cheibrodos_statue_roulette, layout_gridville, lair_entry_dummy,
          serial_shops, kennysheep_mini_moat, nicolae_transmutations_shop
D:9:      cheibrodos_barr_body, layout_small_grid,
          grunt_temple_overflow_lords_of_destruction, grunt_pizzeria,
          kennysheep_generic_room_9
D:10:     layout_loops_cross, special_room [special_room_orc]
D:11:     layout_long_grid, special_room [special_room_orc],
          minmay_misc_feat_diagonals, grunt_qazlal_clouds
D:12:     layout_cave_pools, erik_orc_2, uniq_rupert
Temple:   jpeg_temple_island

Skill      XL: |  1  2  3  4  5  6  7  8  9 10 11 |
---------------+----------------------------------+-----
Fighting       | 3 4 5 6 |  6.0
Axes           | 4 5 6 7 8 9 10 | 10.6
Dodging        | 2 3 4 5 6 7 |  7.6
Spellcasting   | 1 2 3 4 5 |  5.4
Stealth        | 1 2 4 5 |  5.1
Armour         | 3 4 6 7 8 |  8.7
Polearms       | 2 4 6 7 |  7.5
Shields        | 1 |  1.8
Evocations     | 2 4 |  4.8
Throwing       | 1 2 |  2.0

Action                   |  1- 3 |  4- 6 |  7- 9 | 10-12 || total
-------------------------+-------+-------+-------+-------++-------
Melee: Hand axe          |   123 |   104 |   104 |     9 ||   340
       Trident           |       |       |   269 |   501 ||   770
       Headbutt          |       |       |    33 |   107 ||   140
       Dagger            |       |       |       |     1 ||     1
Throw: Dart              |     1 |     2 |     4 |    18 ||    25
       Boomerang         |     1 |       |       |     2 ||     3
 Abil: Heal Wounds       |     3 |     2 |    18 |     5 ||    28
       Evoke Blink       |       |       |       |     4 ||     4
Evoke: Wand              |       |       |     6 |       ||     6
  Use: Scroll            |       |       |     6 |     7 ||    13
       Potion            |       |       |       |     4 ||     4
 Stab: Paralysed         |     2 |       |       |       ||     2
       Sleeping          |       |     1 |     1 |    19 ||    21
       Confused          |       |       |     2 |       ||     2
  Eat: Chunk             |       |     2 |    14 |    10 ||    26
       Ration            |       |       |       |     2 ||     2
Armor: Leather armour    |    36 |    27 |    72 |    67 ||   202
       Swamp dragon scal |       |       |    28 |       ||    28
Dodge: Dodged            |    68 |    56 |   206 |   242 ||   572
Block: Buckler           |       |       |    38 |    61 ||    99
